Cogmind - Beta 11.1 @@@ ROGUE MODE // 2022.04.30 @ 21:11:07 Player: PlasticHeart Result: Self-destructed Performance ------------- Evolutions (2) 1000 Regions Visited (5) 1000 Robots Destroyed (119) 595 Value Destroyed (3459) 3459 Prototype IDs (4) 80 Alien Tech Used (0) 0 Bonus (920) 920 TOTAL SCORE: 7054 Bonus ------- High Alert Combat Kills 647 Follower Combat Kills 273 Cogmind --------- Core Integrity 205/550 Matter 300/300 Energy 86/100 System Corruption 6% Temperature Cool (18) Movement Treading (240) Ox1 Location -8/Materials Parts ------- > --- POWER (1) -------- Heavy Ion Engine > --- PROPULSION (4) --- Light Treads > --- UTILITY (4) ------ Improved Heat Sink Large Storage Unit > --- WEAPON (2) ------- Advanced Beam Cannon Advanced Beam Cannon > --- INVENTORY (15) --- Improved Flight Unit Improved Flight Unit Large Storage Unit High-capacity Storage Unit Compact Matter Pod (150) Improved Signal Interpreter Improved Terrain Scanner Seismic Detector EM Pulse Cannon Advanced Beam Cannon Advanced Beam Cannon Advanced Beam Cannon Advanced Beam Cannon Improved Datajack Heavy Mace Peak State ------------ > --- POWER ------------ Heavy Ion Engine > --- PROPULSION ------- Advanced Treads Advanced Treads Advanced Treads Advanced Treads > --- UTILITY ---------- Improved Heat Sink Improved Heat Sink Large Storage Unit Reactive Plating > --- WEAPON ----------- Advanced Beam Cannon Advanced Beam Cannon > --- INVENTORY -------- Light Treads Light Treads Large Storage Unit High-capacity Storage Unit Compact Matter Pod Light EM Pulse Cannon Light EM Pulse Cannon Light EM Pulse Cannon EM Pulse Cannon EM Pulse Cannon EM Pulse Cannon Advanced Beam Cannon Advanced Beam Cannon Improved Datajack Heavy Mace [Rating: 34] Favorites ----------- Power Heavy Ion Engine Engine Heavy Ion Engine Propulsion Light Treads Treads Light Treads Utility Heat Sink Device Heat Sink Storage Large Storage Unit Protection Reactive Plating Weapon Advanced Beam Cannon Energy Gun Heavy Particle Gun Energy Cannon Advanced Beam Cannon Ballistic Gun Assault Rifle Ballistic Cannon Light Cannon Build | -11 -10 -10 -9 -9 -8 ------- Run | Scr Mat Min Mat Sto Mat Slots Evolved 4 | . . . 2 . 2 Power . | . . . . . . Propulsion 2 | . . . 1 . 1 Utility 2 | . . . 1 . 1 Weapon . | . . . . . . Parts Attached 70 | 6 5 . 24 11 24 Power 9 | 1 1 . 4 1 2 Engine 9 | 1 1 . 4 1 2 Core . | . . . . . . Reactor . | . . . . . . Propulsion 30 | 2 . . 10 6 12 Treads 30 | 2 . . 10 6 12 Leg . | . . . . . . Wheel . | . . . . . . Hover . | . . . . . . Flight . | . . . . . . Utility 14 | 1 2 . 3 1 7 Device 9 | . 1 . 3 1 4 Storage 2 | 1 1 . . . . Processor . | . . . . . . Hackware . | . . . . . . Protection 3 | . . . . . 3 Artifact . | . . . . . . Weapon 17 | 2 2 . 7 3 3 Energy Gun 4 | . . . 4 . . Energy Cannon 7 | . . . 1 3 3 Ballistic Gun 2 | 2 . . . . . Ballistic Cannon 4 | . 2 . 2 . . Launcher . | . . . . . . Special Weapon . | . . . . . . Impact Weapon . | . . . . . . Slashing Weapon . | . . . . . . Piercing Weapon . | . . . . . . Special Melee Weapon . | . . . . . . Unidentified Prototypes 4 | . . . 3 1 . Parts Lost 12 | . . . . . 12 Power 1 | . . . . . 1 Propulsion 4 | . . . . . 4 Utility 6 | . . . . . 6 Weapon 1 | . . . . . 1 Highest Loss Streak 6 | . . . . . 6 To Critical Strikes . | . . . . . . Average Slot Usage (%) 98 | . 99 100 98 99 97 Engine 10 | . 14 14 10 10 9 Treads 32 | . 28 28 32 33 35 Device 18 | . 12 14 21 22 16 Storage 10 | . 15 14 11 11 9 Protection 2 | . . . . . 8 Energy Gun 6 | . . . 16 1 . Energy Cannon 9 | . . . . 20 17 Ballistic Gun 2 | . 24 . . . . Ballistic Cannon 3 | . 3 28 4 . . Naked Turns . | . . . . . . Heaviest Build 48 | 14 34 32 35 38 48 Greatest Support 88 | 40 40 40 62 62 88 Greatest Overweight (x) 2 | 2 . . 1 . 1 Average Overweight (x) . | . . . . . . Largest Inventory Capacity 15 | 8 15 15 15 15 15 Average Capacity 14 | 6 14 15 15 15 15 Most Carried 15 | 5 13 11 15 15 15 Average Carried 13 | 2 5 11 13 14 14 Final Capacity 15 | 8 15 15 15 15 15 Final Carried 15 | 2 11 11 15 15 15 Class Distribution -------------------- 88% | Mutant 11% | Scavenger-Mutant Dominant Class ---------------- Mutant | -10/Materials Mutant | -10/Mines Mutant | -9/Materials Mutant | -9/Storage Mutant | -8/Materials Resources | -11 -10 -10 -9 -9 -8 ----------- Run | Scr Mat Min Mat Sto Mat Matter Collected 1504 | 252 226 35 456 164 371 Remotely . | . . . . . . Salvage Created 4861 | . 393 28 1201 899 2340 Parts 244 | . 26 3 83 53 79 Haulers Intercepted 10 | . 1 . 2 3 4 Recyclers Shooed 2 | . . . 1 1 . Parts Field Recycled . | . . . . . . Retrieved Matter . | . . . . . . Parts Self-Destructed . | . . . . . . Prevented . | . . . . . . Kills | -11 -10 -10 -9 -9 -8 ------- Run | Scr Mat Min Mat Sto Mat Combat Hostiles Destroyed 87 | . 8 3 28 16 32 Guns 27 | . 8 . 19 . . Cannons 53 | . . 3 9 15 26 Classes Destroyed 12 | . 4 . 4 1 3 Worker 6 | . . . 3 . 3 Builder 3 | . . . 2 . 1 Hauler 10 | . 1 . 2 3 4 Recycler 6 | . 1 . 1 . 4 Operator 2 | . . . . 1 1 Watcher 5 | . . . 4 . 1 Swarmer 19 | . 3 3 13 . . Grunt 43 | . 5 . 9 11 18 Brawler 1 | . . . . . 1 Duelist 3 | . . . . . 3 Sentry 20 | . . . 6 5 9 Hunter 1 | . . . . . 1 Best Kill Streak 8 | . 3 3 6 4 8 Combat Bots Only 5 | . 3 3 4 4 5 Max Kills in Single Turn 2 | . 1 1 2 1 2 Gunslinging . | . . . . . . Exploded . | . . . . . . Melee . | . . . . . . Uniques/NPCs Destroyed . | . . . . . . Combat | -11 -10 -10 -9 -9 -8 -------- Run | Scr Mat Min Mat Sto Mat Damage Taken 4146 | . 278 66 828 341 2633 Core 538 | . 42 10 101 40 345 Absorbed by Shields . | . . . . . . Core Remaining (%) 81 | 100 . 79 . 64 . Volleys Fired 286 | . 28 7 85 51 115 Largest 2 | . 2 2 2 2 2 Hottest 136 | . 40 70 111 136 136 Shots Fired 570 | . 56 14 171 100 229 Gun 185 | . 56 . 127 2 . Cannon 385 | . . 14 44 98 229 Launcher . | . . . . . . Special . | . . . . . . Kinetic 114 | . 56 14 44 . . Thermal 456 | . . . 127 100 229 Explosive . | . . . . . . Electromagnetic . | . . . . . . Robot Hit Streak 22 | . 8 8 9 6 22 Robot Miss Streak 5 | . 3 2 5 4 2 Penetration Max . | . . . . . . Secondary Targets 6 | . . . 6 . . Max Gunslinging Chain 1 | . . . 1 . . Shots Hit Robots 356 | . 35 6 101 47 167 Core Hits 151 | . 16 3 45 20 67 Critical Kills 6 | . . . . 1 5 Critical Parts Destroyed . | . . . . . . Critical Strikes 10 | . . . 4 1 5 Burn 1 | . . . 1 . . Meltdown 6 | . . . . 1 5 Blast 3 | . . . 3 . . Melee Attacks . | . . . . . . Impact . | . . . . . . Slashing . | . . . . . . Piercing . | . . . . . . Sneak Attacks . | . . . . . . Combat Hostiles . | . . . . . . Follow-up Attacks . | . . . . . . Damage Inflicted 7044 | . 442 110 1906 1031 3555 Guns 1806 | . 442 . 1364 . . Cannons 5180 | . . 110 542 1031 3497 Explosions 58 | . . . . . 58 Melee . | . . . . . . Ramming . | . . . . . . Kinetic 1094 | . 442 110 542 . . Thermal 5892 | . . . 1364 1031 3497 Explosive . | . . . . . . Electromagnetic 58 | . . . . . 58 Impact . | . . . . . . Slashing . | . . . . . . Piercing . | . . . . . . Highest Corruption 13 | . . . 5 13 6 Average Corruption 6 | . . . 5 8 2 Corruption Purged . | . . . . . . Corruption Blocked . | . . . . . . Effects 49 | . . . 13 30 6 Message Errors 5 | . . . 2 3 . Matter Fused 13 | . . . 3 7 3 Heat Flow Errors 13 | . . . 3 8 2 Energy Discharges 5 | . . . 1 4 . Data Loss (minor) 5 | . . . 1 4 . Data Loss (major) 4 | . . . 2 1 1 Misfires 2 | . . . 1 1 . Alerts 1 | . . . . 1 . Weapon Failures 1 | . . . . 1 . Overload Shots . | . . . . . . Overflow Damage 50 | . . . 15 12 23 Projectiles 50 | . . . 15 12 23 Explosions . | . . . . . . Melee . | . . . . . . Knockbacks 2 | . . . 2 . . Impact . | . . . . . . Kinetic 2 | . . . 2 . . Secondary . | . . . . . . Self-Inflicted Damage . | . . . . . . Shots . | . . . . . . Rammed . | . . . . . . Targets Rammed . | . . . . . . Kicked . | . . . . . . Crushed . | . . . . . . Highest Temperature 490 | . . . 241 250 490 Average Temperature 73 | . . . 58 30 102 Received Heat Transfer 1578 | . 96 . 207 123 1152 Effects 1 | . . . . . 1 Short Circuit 1 | . . . . . 1 Siege Activations . | . . . . . . Robots Corrupted 1 | . . . . . 1 Combat Hostiles . | . . . . . . Parts Fried 1 | . . . . 1 . Impact Corruptions . | . . . . . . Robots Melted 8 | . . . . 1 7 Combat Hostiles 7 | . . . . 1 6 Parts Melted 37 | . . . 7 4 26 Heat Transferred 10942 | . . . 2775 1840 6327 Parts Sabotaged . | . . . . . . Parts Stolen . | . . . . . . Parts Stripped . | . . . . . . Power Chain Reactions . | . . . . . . Missiles Intercepted . | . . . . . . Alert | -11 -10 -10 -9 -9 -8 ------- Run | Scr Mat Min Mat Sto Mat Peak Influence 965 | . 194 83 449 919 965 Initial 364 | . . 13 31 189 364 Average 405 | . 53 24 234 530 686 Maximum Alert Level 3 | . . . 2 3 3 Low Security (%) 28 | 100 100 100 38 3 . Level 1 23 | . . . 46 31 5 Level 2 28 | . . . 15 32 52 Level 3 19 | . . . . 32 42 Level 4 . | . . . . . . Level 5 . | . . . . . . High Security . | . . . . . . Max Security . | . . . . . . Squads Dispatched 14 | . 1 . 3 5 5 Investigation 3 | . 1 . 1 1 . Extermination . | . . . . . . Reinforcement 6 | . . . 2 2 2 Assault 3 | . . . . 1 2 Garrison 2 | . . . . 1 1 Intercept . | . . . . . . Searches Triggered . | . . . . . . Construction Impeded . | . . . . . . Haulers Reinforced . | . . . . . . Active Scanning Responses . | . . . . . . Cargo Convoy Interrupts . | . . . . . . Stealth | -11 -10 -10 -9 -9 -8 --------- Run | Scr Mat Min Mat Sto Mat Distress Signals 5 | . . . . 2 3 Communications Jammed . | . . . . . . Distress Signals . | . . . . . . Times Spotted 127 | . 9 3 37 30 48 Peak Tracking Total 7 | . 2 3 4 6 7 Tactical Retreats 7 | . 1 . 1 3 2 Traps | -11 -10 -10 -9 -9 -8 ------- Run | Scr Mat Min Mat Sto Mat Traps Triggered 15 | . 1 . 5 7 2 Indirectly . | . . . . . . Trap Hack Attempts . | . . . . . . Triggered . | . . . . . . Disarmed . | . . . . . . Reprogrammed . | . . . . . . Reused . | . . . . . . Traps Extracted . | . . . . . . Installed . | . . . . . . Triggered . | . . . . . . Machines | -11 -10 -10 -9 -9 -8 ---------- Run | Scr Mat Min Mat Sto Mat Machines Disabled 11 | . 1 . 2 4 4 Max in Single Turn 1 | . 1 . 1 1 1 Garrison Access 1 | . . . . 1 . Machines Sabotaged . | . . . . . . Garrisons Compromised . | . . . . . . Overloaded Fab Kills . | . . . . . . Hacking | -11 -10 -10 -9 -9 -8 --------- Run | Scr Mat Min Mat Sto Mat Machines Accessed 18 | . 2 . 6 5 5 Terminals 17 | . 2 . 6 4 5 Fabricators . | . . . . . . Repair Stations . | . . . . . . Recycling Units . | . . . . . . Scanalyzers . | . . . . . . Garrison Access 1 | . . . . 1 . Total Hacks 40 | . 6 . 13 7 14 Successful 24 | . 4 . 9 4 7 Failed 16 | . 2 . 4 3 7 Catastrophic 3 | . . . 1 1 1 Database Lockouts . | . . . . . . Manual 13 | . 5 . 5 . 3 Terminals 38 | . 6 . 13 5 14 Fabricators . | . . . . . . Repair Stations . | . . . . . . Recycling Units . | . . . . . . Scanalyzers . | . . . . . . Garrison Access 2 | . . . . 2 . Terminal Hacks 19 | . 1 . 7 4 7 Robot Analysis 1 | . . . . . 1 Open Door 2 | . . . . 2 . Branch Access Points 1 | . . . 1 . . Terminal Index 1 | . . . . . 1 Locate Traps 7 | . . . 3 1 3 Recall Investigation 1 | . . . 1 . . Hauler Manifests 3 | . 1 . 1 . 1 Zone Layout 3 | . . . 1 1 1 Fabricator Hacks . | . . . . . . Repair Station Hacks . | . . . . . . Recycling Unit Hacks . | . . . . . . Scanalyzer . | . . . . . . Garrison Access Hacks . | . . . . . . Unauthorized Hacks 5 | . 3 . 2 . . Terminals 5 | . 3 . 2 . . Track 2 | . 2 . . . . Botnet 3 | . 1 . 2 . . Fabricators . | . . . . . . Repair Stations . | . . . . . . Recycling Units . | . . . . . . Scanalyzers . | . . . . . . Garrison Access . | . . . . . . Data Cores Recovered . | . . . . . . Used . | . . . . . . Hacking Detections 13 | . 1 . 5 3 4 Full Trace Events 1 | . . . . 1 . Feedback Events . | . . . . . . Feedback Blocked . | . . . . . . Robot Schematics Acquired . | . . . . . . Robots Built . | . . . . . . Authchips . | . . . . . . Time . | . . . . . . Total Robot Build Rating . | . . . . . . Part Schematics Acquired . | . . . . . . Parts Built . | . . . . . . Authchips . | . . . . . . Time . | . . . . . . Total Part Build Rating . | . . . . . . Parts Repaired . | . . . . . . Time . | . . . . . . Parts Recycled . | . . . . . . Recycled Matter . | . . . . . . Retrieved Matter . | . . . . . . Retrieved Components . | . . . . . . Parts Scanalyzed . | . . . . . . Part Schematics Acquired . | . . . . . . Parts Damaged . | . . . . . . Bothacking | -11 -10 -10 -9 -9 -8 ------------ Run | Scr Mat Min Mat Sto Mat Used RIF Installer . | . . . . . . Robots Hacked . | . . . . . . Non-combat . | . . . . . . Combat . | . . . . . . Robot Hacks Applied . | . . . . . . Relay Couplers Released 2 | . . . . 2 . Machine Destruction 2 | . . . . 2 . Fabnet Peak Effective % . | . . . . . . Robots Rewired . | . . . . . . Allies Hacked . | . . . . . . Hacks Repelled . | . . . . . . Allies | -11 -10 -10 -9 -9 -8 -------- Run | Scr Mat Min Mat Sto Mat Total Allies 2 | . . . . 2 . Largest Group 1 | . . . . 1 1 Highest-Rated Group 100 | . . . . 100 92 Highest-Rated Ally 100 | . . . . 100 92 Total Orders . | . . . . . . Ally Attacks 37 | . . . . 37 . Total Damage 1060 | . . . . 1060 . Kills 12 | . . . . 12 . Allies Corrupted . | . . . . . . Allies Melted . | . . . . . . Intel | -11 -10 -10 -9 -9 -8 ------- Run | Scr Mat Min Mat Sto Mat Robot Analysis Total 1 | . . . . . 1 Derelict Logs Recovered . | . . . . . . Drone Launches . | . . . . . . Drone Recoveries . | . . . . . . Exploration | -11 -10 -10 -9 -9 -8 ------------- Run | Scr Mat Min Mat Sto Mat Turns Passed 5377 | 56 501 207 1894 1028 1691 Spaces Moved 2601 | 38 229 117 958 458 801 Core 17 | 17 . . . . . Treads 2584 | 21 229 117 958 458 801 Legs . | . . . . . . Wheels . | . . . . . . Hover . | . . . . . . Flight . | . . . . . . Fastest Speed 50 | 50 160 160 155 155 145 Average Speed 155 | 117 160 160 160 155 150 Slowest Speed 240 | 160 160 160 240 155 240 Overloaded Moves . | . . . . . . Propulsion Burnouts . | . . . . . . Robots Hopped . | . . . . . . Cave-ins Triggered . | . . . . . . Exploration Rate (%) 54 | 3 42 48 65 88 82 Regions Visited 5 Branch Regions 2 Pre-discovered Areas . | . . . . . . Known Exits Taken 1 | . . . 1 . . Unknown Exits Taken 4 | 1 1 1 . 1 . Scrap Searched 2 | . . 2 . . . Spaces Dug . | . . . . . . Terrain Destroyed . | . . . . . . Melee . | . . . . . . Projectile . | . . . . . . AOE . | . . . . . . Terrain Rammed . | . . . . . . Walls Destroyed . | . . . . . . Machines Disabled . | . . . . . . Actions | -11 -10 -10 -9 -9 -8 --------- Run | Scr Mat Min Mat Sto Mat Total 3369 | 48 308 123 1150 679 1061 Wait 301 | . 31 . 49 142 79 Move 2596 | 37 228 116 957 457 801 Hop . | . . . . . . Pick Up 64 | 5 12 . 19 5 23 Fast Attach 17 | 3 2 . 3 1 8 Attach 20 | 3 2 . 8 . 7 Detach . | . . . . . . Swap 33 | . 1 . 13 10 9 Drop 52 | . 4 . 16 13 19 Fire 286 | . 28 7 85 51 115 Melee . | . . . . . . Ram . | . . . . . . Kick . | . . . . . . Crush . | . . . . . . Escape Stasis . | . . . . . . Rewire . | . . . . . . Trap . | . . . . . . Miscellaneous . | . . . . . . Route ------- -11/Scrapyard -10/Materials (discovered 2 exits: *Mat / [*Min]) -10/Mines -9/Materials (discovered 5 exits: *Mat x2 / *Min / *Sto x2) -9/Storage -8/Materials (discovered 2 exits: [*Fac x2]) History --------- Turn | Location | Event 7 | -11/Scrapyard | Discovered new exit (range 14) 57 | -11/Scrapyard | Entered Materials 143 | -10/Materials | Discovered new exit (range 5) 309 | -10/Materials | Build established: Mutant 503 | -10/Materials | Discovered new exit (range 4) 558 | -10/Materials | Entered Mines 757 | -10/Mines | Discovered new exit (range 5) 765 | -10/Mines | Entered Materials 765 | -9/Materials | Evolved 2 slots: Propulsion x1, Utility x1 767 | -9/Materials | Discovered new exit (range 14) 1273 | -9/Materials | Discovered new exit (range 10) 1345 | -9/Materials | Discovered new exit (range 19) 1839 | -9/Materials | Discovered new exit (range 9) 1858 | -9/Materials | Identified exit to Mines 1858 | -9/Materials | Identified exit to Storage 2659 | -9/Materials | Entered Storage 3140 | -9/Storage | System corruption reached 10% 3221 | -9/Storage | Met 01-MTF 3300 | -9/Storage | Garrison activated, responded to threat 3507 | -9/Storage | Discovered new exit (range 16) 3687 | -9/Storage | Entered Materials 3687 | -8/Materials | Accompanied by 1 ally (01-MTF) 3687 | -8/Materials | Evolved 2 slots: Propulsion x1, Utility x1 3692 | -8/Materials | 01-MTF left 3982 | -8/Materials | Build established: Scavenger-Mutant 4227 | -8/Materials | Discovered new exit (range 14) 4349 | -8/Materials | Build established: Mutant 4406 | -8/Materials | Lost 3 parts (1p2u) 4670 | -8/Materials | Discovered new exit (range 3) 4887 | -8/Materials | First assault squad dispatched 5246 | -8/Materials | Garrison activated, responded to threat 5325 | -8/Materials | Core integrity fell below 50% 5378 | -8/Materials | Self-destructed Last Messages --------------- 05320_ B-36 Bruiser destroyed. 05326_ Adv. Treads destroyed. 05332_ Critical hit (Burn: +37). 05332_ G-47 Trooper critical meltdown. 05332_ Acquired 22 matter. 05335_ U-05 Engineer builds a Wall. 05337_ Acquired Lgt. Treads. 05347_ K-01 Serf collects debris. 05347_ Reactive Plating destroyed. 05350_ Acquired 5 matter. 05352_ G-50 Soldier critical meltdown. 05353_ System corrupted: Heat flow error (+227). 05357_ Hvy. Ion Engine broken. 05357_ Overheating: Short circuit. 05357_ K-01 Serf collects debris. 05357_ Adv. Treads destroyed. 05360_ K-01 Serf collects debris. 05361_ Critical hit (Burn: +37). 05363_ Lgt. Treads destroyed. 05363_ U-05 Engineer builds a Wall. Map ----- +----------------------------------------------------+ | | | | | | | | | | | | | | | | | | | | | | | | | | | | | | | | | | | ??????##################????????????? | | ??????# # """T""" #????????? | | ??????# *** %#% #????????? | | ??????# ***[*/% ! #????????? | | ??????# ** =#% % #????????? | | ??????#! # #????????? | | ??????####g####+############????????? | | ???????# g #????????????? | | ???????# @ #????????????? | | ???????###+#####m ""#????????????? | | ???????# ## ""#????????????? | | ???????# ## T"#????????????? | | ???????# + ""#????????????? | | ???????#!! ## ""#????????????? | | ???????#!!] ## #????????????? | | ???????#! ] ]## #????????????? | | ???????######### #????????????? | | ?????????####### =# +???? | | ???# [%= %^ %+=!] ! #???? | | ?????????#######+###+#+#[ #???? | | ??????????????# #???###+?????? | | ??????????????# """ #????????????? | | ??????????????# "R" #????????????? | | ??????????????# " " [ #????????????? | | ??????????????# #????????????? | | ??????????????#! """ #???##???????? | | ??????????????# """ #??? ???????? | | ??????????????# """ / #??? #???????? | | ??????????##### #??? #???????? | | ??????????#T"###+####+##??? #???????? | | ?????###### "### #### #???# ######### | | ?????# ##### # | | ?????# # """ | +----------------------------------------------------+ Best States ------------- Heat Dissipation 59 Energy Generation 14 Energy Capacity 280 Matter Stores 300 Matter Capacity 300 Sight Range 16 Terrain Scan Density 10 Armor Coverage 150 Resistance: KI 20 Evasion (%) 50 Recoil Reduction 4 Item Schematics ----------------- None Robot Schematics ------------------ None Fabricated ------------ Nothing Alien Tech Used ----------------- None Achievements -------------- None Challenges ------------ None Game ------ Seed NodeAblativeCleaver Manual? 0 Play Time 00:45:49 Cumulative 871.6 hours Start 2022.04.30 @ 20:27:33 End 2022.04.30 @ 21:11:07 Sessions 1 Manual Loads 0 Difficulty Rogue Special Mode None Game No. 456 Rogue 456 Adventurer 0 Explorer 0 Win Type - Total 66 Types 37/5/13/6/1/1/3/0/0 Lore% 86 Gallery% 87 Achievement% 76 Wizard Run 0 Options --------- ASCII 0 Keyboard 0 Movement Mouse Keybinds 0 Fullscreen 1 Font 28/SmallcapsLarge Map View 72x54 Tactical HUD 1 Map Filters NONE Filters NONE Steam 0 RUN: 223e4bc5-147c-4a8c-81f5-d19f42c9b4be